 Dungeon Crawl Stone Soup version 0.31-b1-17-gcfd88c8481 (webtiles) character file.

Game seed: 7273376597850024415

1294 hawla the Scratcher (level 8, 0/39 HPs)
             Began as a Felid Shapeshifter on Jan 15, 2024.
             Slain by Pikel
             ... wielding a +1 whip of electrocution
              (10 damage)
             ... on level 5 of the Dungeon.
             The game lasted 00:12:00 (4254 turns).

hawla the Scratcher (Felid Shapeshifter)            Turns: 4254, Time: 00:12:02

Health: 0/39       AC:  2    Str: 18    XL:     8   Next: 30%
Magic:  9/9        EV: 19    Int: 15    God:
Gold:   180        SH:  0    Dex: 15    Spells: 7/7 levels left
                                        Lives:  0   Deaths: 3

rFire   . .          .
                       - Unarmed
rCold   . . .        (shield unavailable)
rNeg    . . .        (body armour unavailable)
rPois   +            (helmet unavailable)
rElec   .            (cloak unavailable)
rCorr   .            (gloves unavailable)
SInv    +            (boots unavailable)
Will    +....        (no amulet)
Stlth   ++           g - +6 ring of strength
HPRegen 0.26/turn    i - ring of poison resistance
MPRegen 0.11/turn

%: no passive effects
@: beast-form
A: beast (slay +3), very small, claws 1, fangs 3, see invisible, shaggy fur 2,
stealthy paws, no weapons or thrown items, no armour, multi-lived
a: Begin Untransformation


You were on level 5 of the Dungeon.
You were a hulking beast.
You visited 1 branch of the dungeon, and saw 5 of its levels.

You collected 180 gold pieces.

Inventory:

Jewellery
 g - a +6 ring of strength (left paw)
 i - a ring of poison resistance (right paw)
Talismans
 b - a beast talisman
 c - a flux talisman
Wands
 d - a wand of charming (8) (quivered)
 f - a wand of flame (19)
Scrolls
 a - a scroll of fear
 k - a scroll of identify
 l - a scroll of amnesia {unknown}
 n - a scroll of fog {unknown}
Potions
 e - a potion of might {unknown}
 h - a potion of brilliance {unknown}
 j - a potion of curing
 m - a potion of resistance {unknown}


   Skills:
 - Level 2.0 Fighting
 + Level 5.4 Dodging
 - Level 1.0 Stealth
 + Level 7.2 Unarmed Combat
 + Level 3.0 Evocations
 * Level 5.4 Shapeshifting


You had 7 spell levels left.
You didn't know any spells.
Your spell library was empty.

Dungeon Overview and Level Annotations

Branches:
Dungeon (5/15)
 Temple: D:4-7

Altars:
Cheibriados
Dithmenos
Xom

Annotations:
D:5 Pikel


Innate Abilities, Weirdness & Mutations

You are a hulking beast.
Your limbs bulge with bestial killing power. (Slay +3)
You have sharp claws.
You have razor-sharp teeth.
You have supernaturally acute eyesight. (SInv)
You are covered in thick fur. (AC +2)
Your paws help you pounce on unaware monsters.
You are incapable of wielding weapons or throwing items.
You cannot wear armour.
You gain extra lives every three experience levels.


Message History

The lemure is almost dead.
Pikel misses you. The lemure closely misses your lemure.
Your lemure hits the lemure.
Aiming: Throw Flame
Press: ? - help, Shift-Dir - straight line, f - Pikel, p - lemure
Aim: Pikel, wielding a +1 whip of electrocution and wearing a +0 robe (64% to hit)
The puff of flame misses Pikel.
The puff of flame misses the lemure.
Pikel says, "Hell isn't that bad."
Pikel barely misses you. The lemure hits your lemure.
Your lemure hits the lemure!
The lemure dies!
Aiming: Throw Flame
Press: ? - help, Shift-Dir - straight line, f/p - Pikel
Aim: Pikel, wielding a +1 whip of electrocution and wearing a +0 robe (ally target, 64% to hit)
The puff of flame hits Pikel.
Pikel is lightly wounded.
Pikel barely misses you.
Your lemure hits Pikel but does no damage.
You scratch Pikel. Your bite misses Pikel.
Pikel is moderately wounded.
Pikel barely misses you.
You scratch Pikel.
Pikel is moderately wounded.
Your lemure hits Pikel. Pikel misses you.
You scratch Pikel.
Pikel is heavily wounded.
Your lemure hits Pikel. You scratch Pikel but do no damage.
Your bite misses Pikel.
Pikel is heavily wounded.
Pikel hits you with a +1 whip of electrocution!
* * * LOW HITPOINT WARNING * * *
Your lemure barely misses Pikel.
Aiming: Throw Flame
Press: ? - help, Shift-Dir - straight line, f/p - Pikel
Aim: Pikel, wielding a +1 whip of electrocution and wearing a +0 robe (heavily wounded, ally target, 64% to hit)
The puff of flame hits Pikel.
Pikel is severely wounded.
Pikel hits you with a +1 whip of electrocution!
You die...
Pikel says, "Another soul for the market."

#................#....'...'....
#................#...##...#....
#................#...######....
#####'####.......#...#.......##
#.......#.......#...#.......#.
#.......#.......'...#.......'.
#.......#.......#####.......#.
#.......#.....5...รท.........#.
#.......#....hK.............#.
#..<....########............#.
#..............#.....#########
#....(.........#.....# #...
#..............#.....# #...
#..............#.....# #...
#..............#.....'. #...
################.....## ####


You could see Pikel (ally target) and a friendly lemure (charmed).

Vanquished Creatures
  Grinder (D:4)
  Sigmund (D:3)
  Eustachio (D:4)
  Menkaure (D:4)
  An ice beast (D:4)
  A black bear (D:5)
  An ogre (D:4)
  2 lemures (D:5)
  Blork the orc (D:5)
  An orc priest (D:4)
  3 hounds
  An iguana (D:3)
  Ijyb (D:5)
  An orc wizard (D:4)
  Natasha (D:2)
  4 adders
  2 dart slugs
  A ribbon worm (D:5)
  7 orcs
  2 bats
  4 endoplasms
  6 giant cockroaches
  7 goblins
  6 hobgoblins
  7 jackals
  3 kobolds
  5 quokkas
  3 ball pythons
  2 frilled lizards
  4 rats
81 creatures vanquished.

Vanquished Creatures (collateral kills)
  A lemure (D:5)
1 creature vanquished.

Grand Total: 82 creatures vanquished

Notes
Turn   | Place    | Note
-------+----------+-------------------------------------------
     0 | D:1      | hawla the Felid Shapeshifter began the quest for the Orb.
     0 | D:1      | Reached XP level 1. HP: 10/10 MP: 2/2
   188 | D:1      | Reached XP level 2. HP: 14/14 MP: 3/3
  1124 | D:2      | Noticed Natasha
  1128 | D:2      | Killed Natasha
  1129 | D:2      | Reached XP level 3. HP: 18/18 MP: 4/4
  1487 | D:3      | Noticed Sigmund
  1504 | D:2      | Reached XP level 4. HP: 4/22 MP: 5/5
  1504 | D:2      | Gained a life (2 lives remaining)
  1704 | D:3      | Reached skill level 4 in Unarmed Combat
  1730 | D:3      | Found a faded altar of an unknown god.
  1732 | D:3      | Noticed a golden eye
  1737 | D:3      | Noticed a glass eye
  1879 | D:3      | Killed Sigmund
  1880 | D:3      | Reached skill level 1 in Stealth
  1880 | D:3      | Reached XP level 5. HP: 20/26 MP: 6/6
  2031 | D:3      | Noticed a golden eye
  2034 | D:3      | Noticed a glass eye
  2095 | D:3      | Gained mutation: You are covered in thick fur. (AC +2)
                  | [Felid growth]
  2095 | D:3      | Reached XP level 6. HP: 15/30 MP: 7/7
  2335 | D:4      | Noticed an ice beast
  2350 | D:4      | Killed an ice beast
  2351 | D:4      | Reached skill level 5 in Unarmed Combat
  2351 | D:4      | Reached skill level 1 in Evocations
  2577 | D:4      | Noticed Grinder
  2596 | D:4      | Found a snail-covered altar of Cheibriados.
  2663 | D:4      | Killed Grinder
  2664 | D:4      | Reached XP level 7. HP: 19/35 MP: 8/8
  2778 | D:4      | Noticed Eustachio
  2787 | D:4      | Slain by Eustachio
  2787 | D:4      | Lost a life (1 life remaining)
  2805 | D:4      | Killed Eustachio
  2806 | D:4      | Reached skill level 6 in Unarmed Combat
  2889 | D:4      | Mangled by an ogre
  2889 | D:4      | Lost a life (0 lives remaining)
  2915 | D:4      | Reached skill level 5 in Shapeshifting
  2942 | D:4      | Noticed Menkaure
  2957 | D:4      | Killed Menkaure
  2958 | D:4      | Reached XP level 8. HP: 13/39 MP: 9/9
  2958 | D:4      | Gained a life (1 life remaining)
  3168 | D:4      | Found a shimmering altar of Xom.
  3314 | D:5      | Entered Level 5 of the Dungeon
  3357 | D:5      | Noticed Blork the orc
  3366 | D:5      | Killed Blork the orc
  3367 | D:5      | Reached skill level 5 in Dodging
  3394 | D:5      | Noticed Ijyb
  3404 | D:5      | Killed Ijyb
  3565 | D:5      | Reached skill level 7 in Unarmed Combat
  3738 | D:5      | Found a shadowy altar of Dithmenos.
  3826 | D:5      | Noticed Pikel
  3832 | D:5      | Slain by a lemure
  3832 | D:5      | Lost a life (0 lives remaining)
  4254 | D:5      | Slain by Pikel

Illustrated notes

Levels and vault maps discovered:
D:1:      mushboom_english_gardens, layout_basic, amcnicky_mini_pool_small,
          minmay_liquid_box
D:2:      layout_loops_ring, serial_bayou_crossing, uniq_natasha
D:3:      layout_rooms, hellmonk_ecumenical_altar_watching_god, uniq_sigmund
D:4:      layout_cave_pools, lemuel_crystal_altar,
          regret_index_xom_buried_treasure, uniq_grinder, uniq_eustachio,
          uniq_menkaure
D:5:      layout_gridville, nicolae_dithmenos_shadow_blocks, minmay_door_square,
          reono_crystal_passage, chequers_jeans, uniq_ijyb, uniq_blork_the_orc,
          uniq_pikel

Skill      XL: |  1  2  3  4  5  6  7  8 |
---------------+-------------------------+-----
Shapeshifting  | 3 4 5 |  5.4
Unarmed Combat | 4 5 6 7 |  7.2
Dodging        | 3 4 5 |  5.4
Stealth        | 1 |  1.0
Evocations     | 2 3 |  3.0
Fighting       | 2 |  2.0

Action                     |  1- 3 |  4- 6 |  7- 9 || total
---------------------------+-------+-------+-------++-------
  Melee: Unarmed           |    71 |    90 |    92 ||   253
         Bite              |     3 |    11 |     7 ||    21
         Punch             |     1 |     4 |     5 ||    10
  Evoke: Wand              |       |    12 |    13 ||    25
    Use: Scroll            |     4 |     2 |     3 ||     9
         Potion            |       |     3 |     2 ||     5
   Stab: Sleeping          |     3 |       |     2 ||     5
 Armour: Skin              |    21 |    28 |    40 ||    89
  Dodge: Dodged            |    42 |    81 |    79 ||   202
